 Dungeon Crawl Stone Soup version 0.30-a0-578-gdee14c521f (webtiles) character file.

Game seed: 9564170904460167704

3915 OTABOTABOTAB the Transmogrifier (level 10, 0/75 HPs)
             Began as an Octopode Transmuter on Jan 1, 2023.
             Was a Priest of Cheibriados.
             Slain by a yak (13 damage)
             ... on level 8 of the Dungeon.
             The game lasted 00:23:20 (7231 turns).

OTABOTABOTAB the Transmogrifier (OpTm)              Turns: 7231, Time: 00:23:20

Health: 0/75       AC: 10    Str: 17    XL:     10   Next: 20%
Magic:  25/25      EV: 13    Int: 28    God:    Cheibriados [***...]
Gold:   305        SH:  0    Dex: 24    Spells: 10/18 levels left

rFire   x . .      SeeInvis .      - Unarmed
rCold   + + +      Faith    .    (shield currently unavailable)
rNeg    . . .      Spirit   .    (helmet currently unavailable)
rPois   +          Reflect  .    f - amulet of regeneration
rElec   .          Harm     .    l - ring of magical power {MP+9}
rCorr   +          Rampage  .    X - ring of resist corrosion
Will    .....                    I - +6 ring of intelligence
Stlth   ++                       (no ring)
HPRegen 1.12/turn                (no ring)
MPRegen 0.19/turn                (no ring)
                                 (no ring)
                                 (no ring)

@: ice-form, very slow
A: freezing attack, boosted hp, almost no armour, amphibious, 8 rings, large,
(camouflage 1), (gelatinous body 1), (nimble swimmer 1), (tentacles)
a: End Transformation, Renounce Religion, Bend Time, Temporal Distortion


You were on level 8 of the Dungeon.
You worshipped Cheibriados.
Cheibriados was most pleased with you.
You were a creature of crystalline ice.
You visited 1 branch of the dungeon, and saw 8 of its levels.

You collected 305 gold pieces.

Inventory:

Hand Weapons
 a - a +0 sling of freezing
   (You found it on level 2 of the Dungeon)
 g - the +4 dagger "Morg" {pain, Will+ Int+5}
   (You found it on level 7 of the Dungeon)

   In the hands of one skilled in necromantic magic, it inflicts extra damage on
   living creatures.
   Int:       It affects your intelligence (+5).
   Will:      It increases your willpower.
 v - a +2 heavy sling
   (You found it on level 5 of the Dungeon)
Missiles
 c - a boomerang of dispersal {=f}
 n - 4 throwing nets {!d}
 o - 26 poisoned darts
 p - a curare-tipped dart
 r - 5 boomerangs
 s - 46 stones
Jewellery
 f - an amulet of regeneration (around neck)
   (You found it on level 4 of the Dungeon)
 l - a ring of magical power (left front paw) {MP+9}
   (You found it on level 3 of the Dungeon)
 u - an amulet of magic regeneration
   (You found it on level 7 of the Dungeon)
 I - a +6 ring of intelligence (on tentacle)
   (You found it on level 6 of the Dungeon)
 X - a ring of resist corrosion (right front paw)
   (You found it on level 4 of the Dungeon)
Wands
 d - a wand of digging (3)
   (You found it on level 2 of the Dungeon)
 i - a wand of iceblast (11)
   (You found it on level 7 of the Dungeon)
 j - a wand of polymorph (13)
   (You found it on level 4 of the Dungeon)
 q - a wand of flame (22)
   (You found it on level 5 of the Dungeon)
Scrolls
 y - 2 scrolls of poison {!r}
 Y - 2 scrolls of teleportation {@r3}
Potions
 b - 3 potions of flight {unknown}
 e - a potion of degeneration {!q}
 m - a potion of attraction {unknown}
 B - a potion of brilliance
 H - 2 potions of haste
 J - 5 potions of curing {@q1}
 M - 3 potions of might
 N - a potion of heal wounds {@q2}
 P - a potion of lignification {!q}
 T - a potion of berserk rage {!q}
 U - a potion of mutation {!q}


   Skills:
 - Level 3.0 Fighting
 - Level 5.0 Dodging
 - Level 5.0 Unarmed Combat
 + Level 4.5 Spellcasting
 - Level 10.3 Transmutations
 - Level 3.0 Ice Magic
 - Level 3.0 Poison Magic
 + Level 4.7 Invocations


You had 10 spell levels left.
You knew the following spells:

 Your Spells              Type           Power      Damage    Failure   Level
a - Beastly Appendage     Tmut           100%       N/A       1%          1
b - Ice Form              Ice/Tmut       43%        N/A       4%          4
c - Spider Form           Tmut/Pois      43%        N/A       1%          3

Your spell library contained the following spells:

 Spells                   Type           Power      Damage    Failure   Level
 Wereblood                Tmut           59%        N/A       1%          2
 Necrotise                Necr           24%        1d5       7%          1
 Vampiric Draining        Necr           6%         2d6       22%         3
 Agony                    Necr           6%         N/A       89%         5


Dungeon Overview and Level Annotations

Branches:
Dungeon (8/15)             Temple (0/1) D:4
   Lair: D:8-11

Altars:
Cheibriados
Fedhas
Yredelemnul
Zin

Shops:
D:4 *!*?


Innate Abilities, Weirdness & Mutations

You are a creature of crystalline ice.
You have a powerful freezing melee attack.
Your maximum health is increased.
Your armour is entirely melded.
You are incapable of wielding weapons or throwing items.
You cannot wear most types of armour.
You are amphibious.
You can wear up to eight rings at the same time.
((Your skin changes colour to match your surroundings (Stealth+).))
((Your rubbery body absorbs attacks. (AC +1, EV +1)))
((You are camouflaged when in or above water. (Stealth+)))
((You have tentacles for arms and can constrict up to eight enemies at once.))


Message History

Things that are here:
a +0 long sword; a +0 robe A bullfrog comes into view.
The wight hits you with a +0 long sword.
You feel drained. The wight completely misses you.
You take 4 damage, and have 69/72 hp.
You hit the wight but do no damage. You barely miss the wight.
The bullfrog croaks.
The wight hits you with a +0 long sword!
You take 9 damage, and have 61/72 hp.
You punch the wight! The wight closely misses you.
You hit the wight but do no damage. The wight barely misses you.
You punch the wight!
The wight hits you with a +0 long sword.
You feel drained.
You take 4 damage, and have 59/70 hp.
You punch the wight!
You destroy the wight!
Cheibriados appreciates the change of pace.
The bullfrog hits you!
You take 6 damage, and have 53/72 hp.
You barely miss the bullfrog. The bullfrog barely misses you.
You barely miss the bullfrog. The bullfrog barely misses you.
Unknown command.
You punch the bullfrog!
The bullfrog seems to slow down.
You freeze the bullfrog.
The bullfrog hits you but does no damage.
You pummel the bullfrog!! You freeze the bullfrog.
You kill the bullfrog!
Cheibriados appreciates the change of pace.
Your Spellcasting skill increases to level 4!
Your Invocations skill increases to level 4!
No target in view!
No target in view!
You warm up again.
You now have 49/62 hp.
You now have 305 gold pieces (gained 11).
Found an escape hatch in the floor.
A yak comes into view. x2
The yak moves out of view.
Health restored: 62; MP restored: 25 You turn into a creature of crystalline ice.
The yak bellows!
You hear a bellow!
You now have 74/74 hp.
A yak comes into view.
The yak bellows!
You punch the yak! You freeze the yak. The yak gores you!
A yak comes into view.
You take 12 damage, and have 62/74 hp.
You hit the yak but do no damage. The yak gores you.
You take 1 damage, and have 61/74 hp.
The yak bellows!
You hit the yak. You freeze the yak. The yak barely misses you.
You hit the yak. You freeze the yak. The yak gores you but does no damage.
You hit the yak. You freeze the yak. The yak gores you.
You take 2 damage, and have 61/74 hp.
You punch the yak! You freeze the yak. You pummel the yak!! You freeze the yak.
You kill the yak!
Cheibriados appreciates the change of pace.
The yak barely misses you.
Your life force feels restored.
You punch the yak! You freeze the yak. The yak closely misses you.
You completely miss the yak. The yak gores you but does no damage.
The yak barely misses you.
You completely miss the yak. The yak closely misses you.
The yak snorts and paws the ground.
The yak closely misses you.
You hit the yak but do no damage. The yak barely misses you.
The yak closely misses you.
You hit the yak. You freeze the yak. The yak gores you.
You take 5 damage, and have 62/75 hp.
You hit the yak. You freeze the yak. The yak gores you. The yak gores you!
The yak gores you.
You take 23 damage, and have 39/75 hp.
MASSIVE DAMAGE!!
You punch the yak! You freeze the yak.
You kill the yak!
Cheibriados appreciates the change of pace.
The yak gores you. The yak closely misses you.
You take 1 damage, and have 38/75 hp.
You pummel the yak!! You freeze the yak. The yak gores you.
The yak closely misses you.
You take 3 damage, and have 35/75 hp.
You punch the yak! You freeze the yak. The yak gores you. The yak gores you!
* * * LOW HITPOINT WARNING * * *
You take 14 damage, and have 21/75 hp.
You hit the yak but do no damage.
MP restored: 25 You hit the yak.
You freeze the yak.
You kill the yak!
Cheibriados thoroughly appreciates the change of pace.
The yak gores you!
* * * LOW HITPOINT WARNING * * *
You take 11 damage, and have 11/75 hp.
You completely miss the yak. The yak gores you but does no damage.
You completely miss the yak. The yak gores you!
You die...

.. .......# > .#
.......## ..
.##.......#
............#
...............#
...............#
........#Y†...##
#.......Y†....##
..###..............##
....#................#
#.........##........##
#.............#....##
##............###.###
#............####..#
#......#...........#
...<...#)..........#


You could see a yak.

Vanquished Creatures
  Grinder (D:3)
  Sigmund (D:2)
  3 yaks (D:8)
  A wyvern (D:6)
  Eustachio (D:4)
  2 ogres
  3 black bears
  2 ice beasts
  A sky beast (D:7)
  2 phantoms
  A kobold brigand (D:7)
  A gnoll sergeant (D:7)
  3 bullfrogs
  A necrophage (D:7)
  8 scorpions
  11 wights
  A hornet simulacrum (D:7)
  A bullfrog skeleton (D:7)
  3 hounds
  An orc priest (D:5)
  Terence (D:3)
  12 gnolls
  10 adders
  A shadow imp (D:7)
  2 white imps
  2 ufetubi (D:4)
  A worm (D:2)
  4 dart slugs
  20 orcs
  5 bats
  6 endoplasms
  2 giant cockroaches (D:1)
  7 goblins
  4 hobgoblins
  7 jackals (D:1)
  11 kobolds
  2 quokkas (D:1)
  7 ball pythons
  15 frilled lizards
  2 rats
169 creatures vanquished.

Vanquished Creatures (others)
  21 withered plants (D:7)
21 creatures vanquished.

Grand Total: 190 creatures vanquished

Notes
Turn   | Place    | Note
-------+----------+-------------------------------------------
     0 | D:1      | OTABOTABOTAB the Octopode Transmuter began the quest for
                  | the Orb.
     0 | D:1      | Reached XP level 1. HP: 13/13 MP: 3/3
    97 | D:1      | Reached XP level 2. HP: 14/18 MP: 3/5
   421 | D:1      | Reached XP level 3. HP: 9/23 MP: 6/6
   486 | D:1      | Learned a level 3 spell: Spider Form
   585 | D:1      | Reached skill level 3 in Dodging
  1239 | D:2      | Reached skill level 4 in Unarmed Combat
  1239 | D:2      | Reached XP level 4. HP: 28/28 MP: 5/7
  1325 | D:2      | HP: 3/28 [orc/+0 flail (6)]
  1448 | D:2      | Noticed Sigmund
  1460 | D:2      | Killed Sigmund
  1461 | D:2      | Reached skill level 3 in Transmutations
  1461 | D:2      | Reached skill level 3 in Poison Magic
  1461 | D:2      | Reached XP level 5. HP: 25/33 MP: 8/8
  1461 | D:2      | Reached XP level 6. HP: 29/38 MP: 9/9
  1687 | D:2      | Found a faded altar of an unknown god.
  1906 | D:3      | Reached skill level 4 in Transmutations
  2206 | D:3      | Found a glowing silver altar of Zin.
  2207 | D:3      | Found a snail-covered altar of Cheibriados.
  2209 | D:3      | Found a blossoming altar of Fedhas.
  2209 | D:3      | Found a basalt altar of Yredelemnul.
  2215 | D:3      | Became a worshipper of Cheibriados the Contemplative
  2351 | D:3      | Noticed Terence
  2363 | D:3      | Killed Terence
  2498 | D:3      | Noticed Grinder
  2535 | D:3      | Killed Grinder
  2536 | D:3      | Reached skill level 5 in Unarmed Combat
  2536 | D:3      | Reached skill level 5 in Transmutations
  2536 | D:3      | Reached XP level 7. HP: 43/43 MP: 7/10
  2657 | D:3      | Learned a level 4 spell: Ice Form
  3194 | D:4      | Found Fetivvih's Magic Scroll Boutique.
  3220 | D:4      | Reached skill level 4 in Dodging
  3220 | D:4      | Reached skill level 6 in Transmutations
  3271 | D:4      | Noticed Eustachio
  3290 | D:4      | HP: 10/43 [shadow imp[Eustachio] (2)]
  3296 | D:4      | HP: 10/43 [bat[Eustachio] (1)]
  3297 | D:4      | HP: 4/43 [bat[Eustachio] (1)]
  3298 | D:4      | Killed Eustachio
  3299 | D:4      | Reached XP level 8. HP: 5/48 MP: 11/11
  3607 | D:4      | Found Faixtuiz's General Store.
  3625 | D:4      | Reached * piety under Cheibriados
  3724 | D:4      | Found Xuewuvae's Distillery.
  3890 | D:4      | Found a staircase to the Ecumenical Temple.
  3936 | D:4      | Found Uguatikh's General Store.
  4024 | D:5      | Entered Level 5 of the Dungeon
  4064 | D:5      | Reached skill level 5 in Dodging
  4064 | D:5      | Reached skill level 7 in Transmutations
  4316 | D:5      | Reached skill level 2 in Fighting
  4719 | D:5      | Reached skill level 3 in Fighting
  5090 | D:5      | Reached skill level 8 in Transmutations
  5101 | D:5      | HP: 7/52 [black bear (7)]
  5101 | D:5      | HP: 3/52 [orc/+0 mace (4)]
  5204 | D:6      | Reached XP level 9. HP: 29/56 MP: 12/12
  5258 | D:6      | HP: 10/48 [wight/+2 long sword (5)]
  5259 | D:6      | HP: 2/48 [wight/+2 long sword (9)]
  5262 | D:6      | Reached skill level 9 in Transmutations
  5266 | D:6      | HP: 4/50 [wight/+0 mace (5)]
  5392 | D:6      | Reached ** piety under Cheibriados
  5641 | D:6      | Reached skill level 1 in Ice Magic
  5647 | D:6      | Reached skill level 2 in Ice Magic
  6368 | D:7      | Reached skill level 3 in Ice Magic
  6369 | D:7      | Reached skill level 10 in Transmutations
  6549 | D:7      | Reached skill level 1 in Invocations
  6666 | D:7      | Reached *** piety under Cheibriados
  6667 | D:7      | Reached skill level 2 in Invocations
  6763 | D:7      | Reached skill level 3 in Spellcasting
  7038 | D:7      | Found the +4 dagger "Morg" {pain, Will+ Int+5}
  7055 | D:7      | Reached skill level 3 in Invocations
  7117 | D:8      | Reached XP level 10. HP: 63/63 MP: 15/15
  7178 | D:8      | Reached skill level 4 in Spellcasting
  7178 | D:8      | Reached skill level 4 in Invocations
  7229 | D:8      | HP: 11/75 [yak (12)]
  7231 | D:8      | Slain by a yak

Illustrated notes

Levels and vault maps discovered:
D:1:      roderic_crossed_star, layout_basic, minmay_lizard_pond
D:2:      layout_rooms, shapermc_ecumenical_altar_mp_vishouse, uniq_sigmund
D:3:      layout_basic, mainiacjoe_overflow_alcove_3, uniq_grinder, uniq_terence
D:4:      layout_rooms, minmay_temple_entry_glassed_door, serial_shops,
          nicolae_square_shop, nicolae_shop_window_shopping,
          nicolae_shop_waterfront, shop, serial_glass, glass_columns_a,
          glass_columns_c, glass_columns_a, glass_columns_a, glass_columns_a,
          due_unseen_surprise, uniq_eustachio
D:5:      layout_loops_ring, hangedman_decor_lopped, minmay_misc_feat_iff
D:6:      layout_basic
D:7:      layout_basic, dilly_guarded_unrand_morg
D:8:      layout_cave_pools, nicolae_shop_overcharged_wands, uniq_erica

Skill      XL: |  1  2  3  4  5  6  7  8  9 10 |
---------------+-------------------------------+-----
Dodging        | 3 4 5 |  5.0
Unarmed Combat | 4 5 |  5.0
Transmutations | 3 5 6 8 10 | 10.3
Poison Magic   | 3 |  3.0
Fighting       | 3 |  3.0
Ice Magic      | 3 |  3.0
Invocations    | 3 4 |  4.7
Spellcasting   | 3 4 |  4.5

Action                   |  1- 3 |  4- 6 |  7- 9 | 10-12 || total
-------------------------+-------+-------+-------+-------++-------
Melee: Unarmed           |    81 |    60 |   317 |    37 ||   495
       Kick              |    15 |    16 |     3 |       ||    34
       Constrict         |    19 |    11 |     4 |       ||    34
       Tentacles         |    18 |    12 |     2 |       ||    32
       Punch             |     2 |     1 |       |       ||     3
 Fire: Sling             |       |    62 |    43 |       ||   105
Throw: Stone             |    10 |     3 |       |       ||    13
 Cast: Beastly Appendage |    24 |    13 |     2 |       ||    39
       Spider Form       |       |     1 |    26 |       ||    27
       Ice Form          |       |       |    14 |     2 ||    16
 Abil: End Transformatio |    17 |     8 |    36 |     2 ||    63
Evoke: Wand              |       |       |     1 |       ||     1
  Use: Potion            |       |       |     3 |       ||     3
       Scroll            |       |       |    14 |       ||    14
 Stab: Sleeping          |     2 |       |     1 |       ||     3
Armor: Skin              |     4 |     7 |    61 |     5 ||    77
Dodge: Dodged            |    39 |    54 |   398 |    17 ||   508

Table legend: (Time is in decaauts)
 A = Elapsed time spent in this place.
 B = Non-inter-level travel time spent in this place.
 C = Inter-level travel time spent in this place.
 D = Time resting spent in this place.
 E = Time spent auto-exploring this place.
 F = Levels seen in this place.
 G = Mean time per level.
                   A        B        C        D        E       F      G
               +--------+--------+--------+--------+--------+-----+--------+
         Total |   8383 |   8118 |    265 |   1021 |   5597 |   8 | 1047.9 |
       Dungeon |   8383 |   8118 |    265 |   1021 |   5597 |   8 | 1047.9 |
               +--------+--------+--------+--------+--------+-----+--------+

Top non-repeatable levels by time:
     D:7: 1504 daAuts
     D:5: 1360 daAuts
     D:4: 1278 daAuts
     D:3: 1220 daAuts
     D:1: 1193 daAuts
     D:6: 1056 daAuts
     D:2: 605 daAuts
     D:8: 162 daAuts

Table legend:
 A = Kills in this place as a percentage of kills in entire the game.
 B = Kills by you in this place as a percentage of kills by you in the entire game.
 C = Kills by friends in this place as a percentage of kills by friends in the entire game.
 D = Other kills in this place as a percentage of other kills in the entire game.
 E = Experience gained in this place as a percentage of experience gained in the entire game.
 F = Experience gained in this place divided by the number of levels of this place that you have seen.
                   A       B       C       D       E      F
               +-------+-------+-------+-------+-------+----------------------
         Total | 100.0 | 100.0 |   N/A |   N/A | 100.0 | 699.2
       Dungeon | 100.0 | 100.0 |   N/A |   N/A | 100.0 | 699.2
               +-------+-------+-------+-------+-------+----------------------
